 Dungeon Crawl Stone Soup version 0.24-a0-358-g53aee78b01 (webtiles) character file.

Game seed: 15352803582444604677

37120 mhoghedin the Black Sun (level 13, -10/103 HPs)
             Began as a Pale Draconian Wanderer on May 25, 2019.
             Was a High Priest of Kikubaaqudgha.
             Mangled by a sixfirhy (12 damage)
             ... on level 6 of the Lair of Beasts.
             The game lasted 00:56:04 (19427 turns).

mhoghedin the Black Sun (Pale Draconian Wanderer)  Turns: 19427, Time: 00:56:06

Health: -10/103    AC: 10    Str: 12    XL:     13   Next: 56%
Magic:  20/26      EV: 12    Int: 17    God:    Kikubaaqudgha [*****.]
Gold:   832        SH:  8    Dex: 14    Spells: 3/30 levels left

rFire    . . .     SeeInvis .   a - +2 short sword (venom)
rCold    + . .     Gourm    .   d - +3 buckler
rNeg     . . .     Faith    .   (armour unavailable)
rPois    +         Spirit   .   (helmet restricted)
rElec    .         Reflect  .   J - scarf {repulsion}
rCorr    .         Harm     .   F - +0 pair of gloves
MR       +....                  G - +0 pair of boots
Stlth    +++.......             e - amulet of magic regeneration
HPRegen  0.27/turn              t - ring of poison resistance {rPois, !d}
MPRegen  0.45/turn              L - ring of protection from cold {rC+, !d}

@: very slightly contaminated, repel missiles
A: breathe steam, unfitting armour, magic resistance 1, mutation resistance 1,
cold-blooded, MP-powered wands, AC +8
a: Breathe Steam, Receive Corpses, Torment, Renounce Religion


You were on level 6 of the Lair of Beasts.
You worshipped Kikubaaqudgha.
Kikubaaqudgha was extremely pleased with you.
You were hungry.

You visited 2 branches of the dungeon, and saw 14 of its levels.
You also visited: Ice Cave.

You collected 853 gold pieces.
You spent 21 gold pieces at shops.

Inventory:

Hand Weapons
 a - a +2 short sword of venom (weapon)
   (You took it off Duvessa on level 4 of the Dungeon)
Missiles
 n - 28 poisoned darts
 E - 5 atropa-tipped darts (quivered)
Armour
 d - a +3 buckler (worn)
   (You found it on level 1 of the Dungeon)
 r - a +2 cloak
   (You found it on level 4 of the Dungeon)
 F - a +0 pair of gloves (worn)
   (You found it on level 2 of the Lair of Beasts)
 G - a +0 pair of boots (worn)
   (You found it on level 6 of the Dungeon)
 J - a scarf of repulsion (worn)
   (You found it on level 6 of the Lair of Beasts)
Magical Staves
 M - an uncursed staff of air {rElec}
   (You found it on level 6 of the Lair of Beasts)
Jewellery
 e - an amulet of magic regeneration (around neck)
   (You found it on level 6 of the Dungeon)
 q - an uncursed ring of protection from fire {rF+, !d}
   (You found it on level 2 of the Dungeon)
 t - a ring of poison resistance (left hand) {rPois, !d}
   (You took it off a hobgoblin on level 3 of the Dungeon)
 y - an uncursed ring of fire {rF+, rC-}
   (You found it on level 8 of the Dungeon)
 K - an uncursed ring of fire {rF+, rC-}
   (You found it on level 2 of the Lair of Beasts)
 L - a ring of protection from cold (right hand) {rC+, !d}
   (You found it on level 3 of the Lair of Beasts)
 N - an uncursed ring of flight {unknown}
   (You found it on level 6 of the Lair of Beasts)
Wands
 c - a wand of iceblast (9)
   (You found it on level 8 of the Dungeon)
 u - a wand of random effects (13)
   (You took it off Dowan on level 4 of the Dungeon)
 v - a wand of polymorph (7)
   (You took it off Duvessa on level 4 of the Dungeon)
 A - a wand of clouds (1)
   (You found it on level 8 of the Dungeon)
 D - a wand of paralysis (15)
   (You found it on level 7 of the Dungeon)
Scrolls
 g - 2 scrolls of enchant armour
 i - 7 scrolls of teleportation
 k - a scroll of blinking {!r}
 m - 6 scrolls of remove curse
 s - 3 scrolls of enchant weapon
 B - 2 scrolls of amnesia
Potions
 b - 4 potions of flight
 h - 10 potions of curing
 j - a potion of heal wounds
 l - a potion of mutation {!q}
 o - 5 potions of might
 x - 3 potions of lignification {!q}
 z - 5 potions of agility
 C - 2 potions of haste
 I - a potion of ambrosia
Comestibles
 f - 21 rations
 p - 3 chunks of flesh {@w0}


   Skills:
 - Level 6.5 Fighting
 - Level 4.7 Short Blades
 - Level 3.7 Throwing
 - Level 1.0 Dodging
 - Level 5.2 Stealth
 - Level 4.0 Shields
 - Level 9.1 Spellcasting
 - Level 9.6 Conjurations
 - Level 3.5 Hexes
 + Level 12.6 Necromancy
   Level 1.1 Fire Magic
 + Level 9.4 Ice Magic


You had 3 spell levels left.
You knew the following spells:

 Your Spells              Type           Power        Failure   Level  Hunger
a - Ensorcelled Hibernat  Hex/Ice        ####..       1%          2    None
b - Vampiric Draining     Necr           ######....   1%          3    None
c - Dispel Undead         Necr           ######..     1%          5    #####..
d - Bolt of Draining      Conj/Necr      #####.....   2%          5    #####..
e - Simulacrum            Ice/Necr       #####.....   16%         6    ######.
g - Apportation           Tloc           #.....       10%         1    None
m - Sublimation of Blood  Necr           ######....   1%          2    None
s - Swiftness             Chrm/Air       #.......     14%         2    None
A - Animate Skeleton      Necr           N/A          1%          1    None

Your spell library contained the following spells:

 Spells                   Type           Power        Failure   Level  Hunger
 Pain                     Necr           ####         1%          1    None
 Shock                    Conj/Air       ###.         1%          1    None
 Throw Frost              Conj/Ice       #####.       1%          2    None
 Static Discharge         Conj/Air       ###.....     3%          3    None
 Tukima's Dance           Hex            ###.....     6%          3    None
 Beastly Appendage        Tmut           #.....       10%         1    None
 Summon Butterflies       Summ           #.......     10%         1    None
 Lesser Beckoning         Tloc           #.........   28%         3    None
 Agony                    Necr           ######..     1%          5    #####..
 Excruciating Wounds      Chrm/Necr      ####......   19%         5    #####..
 Lightning Bolt           Conj/Air       ###.......   34%         5    #####..
 Airstrike                Air            #.........   67%         4    ###....
 Alistair's Intoxication  Tmut/Pois      #.......     95%         5    #####..
 Invisibility             Hex            ###.....     97%         6    ######.


Dungeon Overview and Level Annotations

Branches:
Dungeon (8/15)             Temple (0/1) D:7            Lair (6/6) D:8
  Swamp (0/4) Lair:4        Snake (0/4) Lair:2        Slime (0/5) Lair:6

Altars:
Ashenzari
Cheibriados
Gozag
Hepliaklqana
Kikubaaqudgha
Makhleb
Okawaru
Sif Muna
Uskayaw
The Shining One

Shops:
D:8 *

Annotations:
Lair:1 exclusion: 4 oklob plants
Lair:3 exclusion: oklob plant


Innate Abilities, Weirdness & Mutations

You can breathe blasts of scalding, opaque steam.
Your pale cyan-grey scales are hard. (AC +8)
You cannot fit into any form of body armour.
You are cold-blooded and may be slowed by cold attacks.
You are resistant to hostile enchantments. (MR+)
You are somewhat resistant to further mutation.
You expend magic power (3 MP) to strengthen your wands.


Message History

You open the door.
A hell hound and an orange demon come into view.
Found a burning altar of Makhleb.
Unknown command.
What are your orders? t - Shout!
Orders for allies: a - Attack new target. r - Retreat! s - Stop attacking. g - Guard the area. f - Follow me.
Anything else - Cancel.
Gang up on whom?
Aim: a hell hound (hasn't noticed you) Attack!
The hell hound barks!
The orange demon screeches!
You hear a bark!
An ice devil comes into view.
An orange demon comes into view.
Your elephant simulacrum barely misses the hell hound.
Your elephant simulacrum trunk-slaps the hell hound but does no damage.
An orange demon comes into view.
MP restored: 26 The hell hound bites your elephant simulacrum.
A hell hound comes into view.
The hell hound breathes flames at you.
The blast of flame hits your elephant simulacrum!
Your elephant simulacrum melts!
The blast of flame hits you!
A hell hound comes into view.
Your elephant simulacrum tramples the hell hound.
Your elephant simulacrum freezes the hell hound!
The hell hound is frozen!
Your elephant simulacrum trunk-slaps the hell hound but does no damage.
You take 13 damage, and have 85/103 hp.
The hell hound bites your elephant simulacrum but does no damage.
Your elephant simulacrum closely misses the hell hound. x2
The hell hound bites your elephant simulacrum!
Something stings your elephant simulacrum.
Something hits your elephant simulacrum.
An ice devil comes into view.
Your elephant simulacrum tramples the hell hound!
Your elephant simulacrum freezes the hell hound!!
The hell hound is frozen!
The hell hound dies!
Kikubaaqudgha accepts your kill.
Something stings your elephant simulacrum.
Something hits your elephant simulacrum but does no damage.
The ice devil hits your elephant simulacrum.
The ice devil freezes your elephant simulacrum.
Your elephant simulacrum completely resists.
The hell hound bites your elephant simulacrum.
Your elephant simulacrum tramples the hell hound!
Your elephant simulacrum freezes the hell hound!!
The hell hound is frozen!
The hell hound dies!
Kikubaaqudgha accepts your kill.
The ice devil hits your elephant simulacrum!
The ice devil freezes your elephant simulacrum.
Your elephant simulacrum completely resists.
The hell hound bites your elephant simulacrum.
A sixfirhy comes into view.
Your elephant simulacrum closely misses the ice devil.
Your elephant simulacrum trunk-slaps the ice devil but does no damage.
Your elephant simulacrum tramples the hell hound!
Your elephant simulacrum freezes the hell hound!!
The hell hound is frozen!
The hell hound dies!
Kikubaaqudgha accepts your kill. The sixfirhy hits you!
The sixfirhy shocks you! The sixfirhy hits you! The sixfirhy shocks you!
You block the sixfirhy's attack.
The sixfirhy hits you but does no damage.
Your elephant simulacrum tramples the orange demon.
Your elephant simulacrum freezes the orange demon!
Your elephant simulacrum trunk-slaps the orange demon.
Your elephant simulacrum freezes the orange demon!
You take 35 damage, and have 52/103 hp.
MASSIVE DAMAGE!!
The orange demon stings your elephant simulacrum.
The orange demon hits your elephant simulacrum but does no damage.
Something stings your elephant simulacrum!
Something hits your elephant simulacrum but does no damage.
Your elephant simulacrum tramples the sixfirhy.
Your elephant simulacrum freezes the sixfirhy!!
Your elephant simulacrum trunk-slaps the sixfirhy but does no damage.
There is an open door here.
You see here an elephant skeleton.
The sixfirhy hits you! The sixfirhy shocks you!
You see here a water moccasin corpse.
You take 21 damage, and have 32/103 hp.
MASSIVE DAMAGE!!
You miscast Simulacrum.
You are very lightly contaminated with residual magic.
Kikubaaqudgha protects you from your miscast necromantic spell!
The sixfirhy hits you!
* * * LOW HITPOINT WARNING * * *
The sixfirhy shocks you!
* * * LOW HITPOINT WARNING * * *
You block the sixfirhy's attack. The sixfirhy hits you.
* * * LOW HITPOINT WARNING * * *
The sixfirhy shocks you!
You die...
Kikubaaqudgha rasps: "You have failed me!
Welcome... death!"

♣♣♣...♣..♣♣♣ ♣
♣♣...♣♣♣♣♣÷.♣♣♣ ♣♣♣♣
♣♣♣♣...♣♣ ♣♣♣..♣♣
...♣♣♣....♣♣♣ ♣♣..♣♣
♣......†♣♣♣ ♣....♣ ♣♣.♣♣P♣♣♣
######''#######
♣♣♣♣♣+#########.............#
#........#††.8....8....#
#..8.8...3@............#
#...#.8..###############
#..#.8...#......
#...8)#.3#.4....
#..8.#..Z44..._.
#...8.8..#4.....
#........#.....≈ ##########
##≈≈≈ ≈≈


You could see a sixfirhy.

Vanquished Creatures
  Rupert (Lair:3)
  5 hydras
  Urug (Lair:3)
  5 death yaks (Lair:2)
  Pikel (D:4)
  2 ugly things (IceCv)
  An elephant (Lair:6)
  3 black mambas
  7 spiny frogs
  A torpor snail (Lair:6)
  7 rime drakes
  8 komodo dragons
  A polar bear (Lair:2)
  8 blink frogs
  3 dream sheep (Lair:5)
  6 hippogriffs
  Sigmund (D:5)
  26 yaks
  2 basilisks (Lair:5)
  Eustachio (D:5)
  Edmund (D:5)
  2 wargs (D:8)
  3 porcupines
  18 water moccasins
  Duvessa (D:4)
  A sky beast (D:5)
  3 orc warriors
  2 slaves (D:4)
  A black bear (D:7)
  10 ice beasts
  6 ogres
  A phantom (D:4)
  2 necrophages (D:7)
  2 centaurs
  6 crocodiles
  3 big kobolds
  9 bullfrogs
  Dowan (D:4)
  A scorpion (D:4)
  9 wights
  An electric eel (Lair:1)
  2 howler monkeys (D:4)
  4 crimson imps
  A bullfrog zombie (D:6)
  A jelly (D:2)
  3 hounds
  2 orc priests
  3 iguanas
  A centaur skeleton (D:5)
  Natasha (thrice) (D:4)
  5 orc wizards
  6 worker ants
  2 hound zombies
  A hound skeleton (D:4)
  17 adders
  2 shadow imps
  3 oozes
  2 adder skeletons (D:5)
  7 worms
  4 dart slugs
  6 leopard geckos
  25 orcs
  6 bats
  4 giant cockroaches
  13 goblins
  8 hobgoblins
  2 quokkas
  4 ball pythons
  11 frilled lizards
  A jackal zombie (D:5)
  20 kobolds
  6 rats
  A plant (Lair:1)
349 creatures vanquished.

Vanquished Creatures (collateral kills)
  2 hydras
  A catoblepas (Lair:6)
  A wizard (Lair:6)
  A black mamba (Lair:5)
  2 spiny frogs (Lair:6)
  A komodo dragon (Lair:5)
  A tyrant leech (Lair:4)
  A hippogriff (Lair:5)
  4 blink frogs
  2 dream sheep (Lair:5)
  4 yaks (Lair:6)
  A basilisk (Lair:6)
  3 water moccasins
  4 hell hounds (Lair:6)
  5 ice beasts (Lair:5)
  2 crocodiles (Lair:5)
  3 jellies (Lair:6)
  2 oozes (Lair:6)
  A plant (Lair:6)
41 creatures vanquished.

Vanquished Creatures (others)
  A slave (D:4)
  A human (D:7)
  2 bushes
  12 fungi
  18 plants
34 creatures vanquished.

Grand Total: 424 creatures vanquished

Notes
Turn   | Place    | Note
-------+----------+-------------------------------------------
     0 | D:1      | mhoghedin the Draconian Wanderer began the quest for the
                  | Orb.
     0 | D:1      | mhoghedin set off with the following items: a +2 dagger, a
                  | potion of heal wounds, a ration; and the following spell
                  | memorised: Apportation; and the following spells available
                  | to memorise: Ensorcelled Hibernation, Throw Frost, Lesser
                  | Beckoning
     0 | D:1      | Reached XP level 1. HP: 16/16 MP: 3/3
   113 | D:1      | HP: 4/16 [hobgoblin (1)]
   117 | D:1      | Reached skill level 2 in Stealth
   298 | D:1      | Reached XP level 2. HP: 18/23 MP: 5/5
   306 | D:1      | Learned a level 2 spell: Ensorcelled Hibernation
   411 | D:1      | Reached skill level 1 in Short Blades
   763 | D:2      | Found a glowing golden altar of the Shining One.
   823 | D:2      | Reached XP level 3. HP: 18/29 MP: 3/6
   951 | D:2      | Found a faded altar of an unknown god.
  1165 | D:2      | Reached skill level 2 in Short Blades
  1165 | D:2      | Reached skill level 3 in Stealth
  1165 | D:2      | Reached XP level 4. HP: 22/36 MP: 3/7
  1549 | D:2      | Learned a level 2 spell: Throw Frost
  1728 | D:2      | Found a hazy altar of Hepliaklqana.
  2474 | D:3      | Reached XP level 5. HP: 41/41 MP: 3/8
  2823 | D:3      | Reached skill level 1 in Hexes
  2951 | D:3      | Found a snail-covered altar of Cheibriados.
  3023 | D:3      | Found an ancient bone altar of Kikubaaqudgha.
  3023 | D:3      | Found an iron altar of Okawaru.
  3279 | D:3      | Became a worshipper of Kikubaaqudgha
  3341 | D:4      | Found a deep blue altar of Sif Muna.
  3363 | D:4      | Reached skill level 3 in Short Blades
  3364 | D:4      | Identified Sif Muna's Handbook of Transformation
  3365 | D:4      | Reached XP level 6. HP: 39/48 MP: 9/9
  3472 | D:4      | Reached skill level 2 in Throwing
  3472 | D:4      | Reached skill level 4 in Stealth
  3472 | D:4      | Reached skill level 3 in Ice Magic
  3492 | D:4      | Noticed Natasha
  3497 | D:4      | Killed Natasha
  3578 | D:4      | Noticed Natasha
  3593 | D:4      | Killed Natasha
  3593 | D:4      | Reached skill level 2 in Hexes
  3662 | D:4      | Noticed Pikel
  3662 | D:4      | Noticed a slave
  3664 | D:4      | Noticed a slave
  3664 | D:4      | Noticed a slave
  3668 | D:4      | Noticed a slave
  3699 | D:4      | Killed a slave
  3715 | D:4      | Killed Pikel
  3715 | D:4      | Reached skill level 4 in Short Blades
  3715 | D:4      | Reached skill level 3 in Throwing
  3715 | D:4      | Reached skill level 4 in Ice Magic
  3715 | D:4      | Your scales start taking on a pale cyan-grey colour.
  3715 | D:4      | Reached XP level 7. HP: 48/53 MP: 10/10
  3719 | D:4      | Reached skill level 3 in Hexes
  4051 | D:4      | Reached XP level 8. HP: 46/61 MP: 11/11
  4053 | D:4      | Reached * piety under Kikubaaqudgha
  4053 | D:4      | Identified Kikubaaqudgha's Catalogue of Black Magic
                  | (Kikubaaqudgha gifted it to you on level 4 of the Dungeon)
  4053 | D:4      | Received a gift from Kikubaaqudgha
  4092 | D:4      | Reached skill level 5 in Stealth
  4116 | D:4      | Noticed Dowan
  4147 | D:4      | Noticed Duvessa
  4161 | D:4      | Killed Duvessa
  4164 | D:4      | Killed Dowan
  4248 | D:4      | Noticed Natasha
  4251 | D:4      | Killed Natasha
  4454 | D:4      | HP: 14/61 [orc wizard/+0 quarterstaff (3)]
  4466 | D:4      | HP: 5/61 [orc/+0 hand axe (6)]
  4752 | D:4      | Learned a level 3 spell: Vampiric Draining
  4755 | D:4      | Learned a level 2 spell: Sublimation of Blood
  4786 | D:4      | Found a hide-covered altar of Uskayaw.
  5086 | D:5      | Entered Level 5 of the Dungeon
  5086 | D:5      | Noticed Edmund
  5098 | D:5      | Killed Edmund
  5098 | D:5      | Reached skill level 2 in Necromancy
  5204 | D:5      | Reached skill level 3 in Necromancy
  5297 | D:5      | Noticed Eustachio
  5334 | D:5      | Killed Eustachio
  5334 | D:5      | Reached skill level 4 in Necromancy
  5393 | D:5      | Noticed Sigmund
  5408 | D:5      | Killed Sigmund
  5408 | D:5      | Reached skill level 5 in Necromancy
  5829 | D:5      | Reached XP level 9. HP: 67/67 MP: 12/12
  5898 | D:5      | Found a hide-covered altar of Uskayaw.
  5981 | D:5      | Reached ** piety under Kikubaaqudgha
  6119 | D:5      | Gained mutation: You expend magic power (3 MP) to
                  | strengthen your wands. [potion of mutation]
  6119 | D:5      | Gained mutation: You are resistant to hostile enchantments.
                  | (MR+) [potion of mutation]
  6119 | D:5      | Gained mutation: You are somewhat resistant to further
                  | mutation. [potion of mutation]
  6153 | D:6      | Reached skill level 6 in Necromancy
  6277 | D:6      | Found a burning altar of Makhleb.
  6388 | D:6      | Reached skill level 2 in Fighting
  6445 | D:6      | Reached skill level 1 in Shields
  6472 | D:6      | Reached skill level 3 in Fighting
  6476 | D:6      | Reached skill level 2 in Shields
  6641 | D:6      | Reached skill level 4 in Fighting
  6641 | D:6      | Reached skill level 3 in Shields
  7193 | D:7      | Reached skill level 4 in Shields
  7203 | D:7      | Reached skill level 5 in Fighting
  7356 | D:7      | Reached skill level 6 in Fighting
  7365 | D:7      | Reached *** piety under Kikubaaqudgha
  7365 | D:7      | Identified Kikubaaqudgha's Disquisition on Necromancy
                  | (Kikubaaqudgha gifted it to you on level 7 of the Dungeon)
  7365 | D:7      | Received a gift from Kikubaaqudgha
  7423 | D:7      | Found a staircase to the Ecumenical Temple.
  7498 | D:7      | Reached skill level 3 in Spellcasting
  7659 | D:7      | Found an opulent altar of Gozag.
  7670 | D:7      | Reached XP level 10. HP: 84/84 MP: 13/15
  7984 | D:7      | Reached skill level 4 in Spellcasting
  8009 | D:7      | Found an ancient bone altar of Kikubaaqudgha.
  8103 | D:7      | Learned a level 5 spell: Dispel Undead
  8285 | D:8      | Found a staircase to the Lair.
  8520 | D:8      | Found a shattered altar of Ashenzari.
  8685 | D:8      | Found Miblaif's General Store.
  8693 | D:8      | Bought 3 atropa-tipped darts for 21 gold pieces
  9016 | Lair:1   | Entered Level 1 of the Lair of Beasts
  9043 | D:8      | Reached **** piety under Kikubaaqudgha
  9043 | D:8      | Reached skill level 5 in Spellcasting
  9043 | D:8      | Reached skill level 7 in Necromancy
  9057 | D:8      | Learned a level 5 spell: Bolt of Draining
  9181 | Lair:1   | Reached skill level 1 in Conjurations
  9245 | Lair:1   | Reached skill level 2 in Conjurations
  9361 | Lair:1   | Noticed a spiny frog
  9367 | Lair:1   | Killed a spiny frog
  9667 | Lair:1   | Noticed an eight-headed hydra
  9680 | Lair:1   | Reached skill level 6 in Spellcasting
  9680 | Lair:1   | Reached skill level 3 in Conjurations
  9681 | Lair:1   | Killed an eight-headed hydra
  9681 | Lair:1   | Reached skill level 8 in Necromancy
  9700 | Lair:1   | Learned a level 1 spell: Animate Skeleton
  9726 | Lair:1   | Noticed a five-headed hydra
  9736 | Lair:1   | Killed a five-headed hydra
  9736 | Lair:1   | Reached skill level 4 in Conjurations
  9736 | Lair:1   | Reached XP level 11. HP: 91/91 MP: 20/20
  9929 | Lair:1   | Noticed an oklob plant
  9933 | Lair:1   | Noticed an oklob plant
  9933 | Lair:1   | Noticed an oklob plant
  9933 | Lair:1   | Noticed an oklob plant
 10566 | Lair:2   | Reached skill level 7 in Spellcasting
 10638 | Lair:2   | Found a staircase to the Snake Pit.
 10641 | Lair:2   | You fall into a shaft and drop 1 floor!
 10734 | Lair:3   | Noticed Rupert
 10760 | Lair:3   | Reached skill level 5 in Conjurations
 11009 | Lair:3   | Reached skill level 9 in Necromancy
 11086 | Lair:2   | HP: 21/91 [porcupine (8)]
 11510 | Lair:2   | Reached ***** piety under Kikubaaqudgha
 11536 | Lair:2   | Noticed a death yak
 11579 | Lair:2   | Reached skill level 6 in Conjurations
 11708 | Lair:2   | Noticed a death yak
 11708 | Lair:2   | Noticed a death yak
 11708 | Lair:2   | Noticed a death yak
 11708 | Lair:2   | Noticed a death yak
 11734 | Lair:2   | Killed a death yak
 11735 | Lair:2   | Killed a death yak
 11735 | Lair:2   | Reached skill level 8 in Spellcasting
 11735 | Lair:2   | Killed a death yak
 11743 | Lair:2   | Killed a death yak
 11743 | Lair:2   | Reached skill level 10 in Necromancy
 11746 | Lair:2   | Killed a death yak
 11746 | Lair:2   | Reached skill level 7 in Conjurations
 11746 | Lair:2   | Reached XP level 12. HP: 56/97 MP: 0/24
 11912 | Lair:2   | Learned a level 6 spell: Simulacrum
 12378 | Lair:3   | HP: 23/97 [yak (6)]
 12379 | Lair:3   | Killed Rupert
 12379 | Lair:3   | Reached skill level 5 in Ice Magic
 12385 | Lair:2   | HP: 10/97 [yak (5)]
 13469 | Lair:3   | Noticed Urug
 13483 | Lair:3   | Killed Urug
 13483 | Lair:3   | Reached skill level 8 in Conjurations
 13671 | Lair:3   | Reached skill level 6 in Ice Magic
 14615 | Lair:4   | Reached skill level 11 in Necromancy
 14790 | Lair:4   | Noticed a five-headed hydra
 14812 | Lair:4   | Killed a five-headed hydra
 14837 | Lair:4   | Reached skill level 9 in Spellcasting
 15160 | Lair:4   | Noticed an eight-headed hydra
 15165 | Lair:4   | Killed an eight-headed hydra
 15175 | Lair:4   | Noticed a six-headed hydra
 15181 | Lair:4   | Killed a six-headed hydra
 15201 | Lair:4   | Reached skill level 7 in Ice Magic
 15205 | Lair:4   | Found a staircase to the Swamp.
 15561 | Lair:5   | Reached skill level 9 in Conjurations
 15728 | Lair:5   | Found a frozen archway.
 15855 | Lair:5   | Reached XP level 13. HP: 56/103 MP: 20/26
 15979 | IceCv    | Entered an ice cave
 16000 | IceCv    | Found a transporter.
 16301 | IceCv    | Found a transporter.
 16742 | Lair:5   | Reached skill level 8 in Ice Magic
 17013 | Lair:5   | Learned a level 2 spell: Swiftness
 17521 | Lair:5   | Reached skill level 12 in Necromancy
 17648 | Lair:6   | Entered Level 6 of the Lair of Beasts
 17865 | Lair:6   | Found a staircase to the Slime Pits.
 19065 | Lair:6   | Reached skill level 9 in Ice Magic
 19411 | Lair:6   | Found a burning altar of Makhleb.
 19427 | Lair:6   | HP: 17/103 [sixfirhy (15)]
 19427 | Lair:6   | HP: 6/103 [sixfirhy (11)]
 19427 | Lair:6   | HP: 2/103 [sixfirhy (4)]
 19427 | Lair:6   | Mangled by a sixfirhy

Levels and vault maps discovered:
D:1:      minmay_arrival_doors, layout_rooms, minmay_domino_2
D:2:      layout_rooms, tso_altar, lemuel_coloured_pillars_altar,
          chequers_ecumenical_altar_grove, kennysheep_potato
D:3:      layout_basic, kennysheep_slug_shrine,
          gammafunk_temple_overflow_statue, st_stairs_14, minivault_27,
          minmay_fractal_squares_diagonal_5
D:4:      kennysheep_big_flooded_room, layout_basic, led_sif_book,
          lemuel_crystal_altar, minmay_increasing_density, uniq_natasha,
          uniq_pikel, uniq_duvessa
D:5:      layout_gridville, basic_altar, first_ration, uniq_eustachio,
          uniq_edmund, uniq_sigmund
D:6:      layout_loops_corners, marbit_many_paths, minmay_starry_boxes
D:7:      layout_basic, grunt_gozag_statues, minmay_temple_entry_arrows,
          tgw_kikubaaqudgha
D:8:      layout_loops_ring, nicolae_overflow_hidden_temple,
          erik_lair_orcish_takeover, serial_shops, nicolae_shop_crystal
Lair:1:   layout_chaotic_city, grunt_megastairs_4, infiniplex_staircase_pool,
          lemuel_fruit_tree, minmay_lair_oklob_chamber
Lair:2:   layout_loops_ring, minmay_snake_entry_six_corridors
Lair:3:   layout_small_grid, lightli_volcano_entry_magma_tube,
          infiniplex_staircase_pool_2, grunt_megastairs_2, uniq_urug,
          uniq_rupert
Lair:4:   layout_cave_pods, palyth_hydra_swamp_entry, lemuel_fruit_fields
Lair:5:   layout_gridlike, portal_ice_cave_entry_ice_beasts, st_stairs_6,
          serial_bayou_lagoon_a, grunt_megastairs_1
Lair:6:   evil_forest, layout_regular_city, nicolae_slime_entry_slimehenge

Skill      XL: |  1  2  3  4  5  6  7  8  9 10 11 12 13 |
---------------+----------------------------------------+-----
Stealth        | 2 3 4 5 |  5.2
Short Blades   | 1 2 3 4 |  4.7
Hexes          | 1 2 3 |  3.5
Throwing       | 3 |  3.7
Ice Magic      | 4 7 9 |  9.4
Necromancy     | 5 6 8 10 11 12 | 12.6
Fighting       | 6 |  6.5
Shields        | 4 |  4.0
Spellcasting   | 3 6 8 9 |  9.1
Conjurations   | 4 7 9 |  9.6
Dodging        | |  1.0
Fire Magic     | |  1.1

Action                   |  1- 3 |  4- 6 |  7- 9 | 10-12 | 13-15 || total
-------------------------+-------+-------+-------+-------+-------++-------
Melee: Dagger            |   121 |   151 |   101 |       |    45 ||   418
       Tailslap          |    13 |    10 |    42 |    68 |    31 ||   164
       Short sword       |       |       |   271 |   498 |   137 ||   906
       Unarmed           |       |       |     8 |       |       ||     8
Throw: Dart              |       |    11 |     5 |    16 |       ||    32
 Cast: Ensorcelled Hiber |     6 |    30 |    21 |       |       ||    57
       Vampiric Draining |       |       |     3 |       |     1 ||     4
       Throw Frost       |       |       |     3 |       |       ||     3
       Bolt of Draining  |       |       |       |    51 |    47 ||    98
       Animate Skeleton  |       |       |       |    22 |     9 ||    31
       Simulacrum        |       |       |       |       |     8 ||     8
       Sublimation of Bl |       |       |       |       |     1 ||     1
Invok: Receive Corpses   |       |       |       |       |     4 ||     4
 Abil: Breathe Steam     |       |       |    24 |    36 |     2 ||    62
Evoke: Wand              |       |    14 |     4 |     4 |     2 ||    24
  Use: Scroll            |       |     3 |    16 |     3 |     3 ||    25
       Potion            |       |     2 |     6 |     2 |     1 ||    11
 Stab: Sleeping          |     4 |    21 |    17 |     9 |     2 ||    53
       Distracted        |       |       |     1 |     4 |       ||     5
       Invisible         |       |       |       |     3 |       ||     3
       Paralysed         |       |       |       |       |     1 ||     1
  Eat: Chunk             |     1 |     5 |    14 |    25 |    11 ||    56
       Ration            |       |     2 |     1 |     6 |     5 ||    14
Armor: Skin              |    44 |    40 |   118 |   139 |    62 ||   403
Dodge: Dodged            |    62 |    70 |   195 |   226 |   103 ||   656
       Deflected         |       |       |       |       |     2 ||     2
Block: Buckler           |       |       |    52 |   193 |    69 ||   314

Table legend:
 A = Non-vault XP
 B = Vault XP
 C = Vault XP percentage of total XP
 D = Non-vault monster count
 E = Vault monster count
 F = Vault count percentage of total count
                 A         B        C        D         E       F
            +---------+---------+-------+---------+---------+-------
      Total |   33203 |   19826 |  37.4 |     269 |     117 |  30.3
            +---------+---------+-------+---------+---------+-------
        D:1 |      29 |       3 |   9.4 |      19 |       2 |   9.5
        D:2 |      58 |      61 |  51.3 |      21 |       4 |  16.0
        D:3 |      48 |      50 |  51.0 |      14 |      13 |  48.1
        D:4 |     651 |    1035 |  61.4 |      28 |      11 |  28.2
        D:5 |     471 |     568 |  54.7 |      18 |       3 |  14.3
        D:6 |     722 |     344 |  32.3 |      13 |       7 |  35.0
        D:7 |    1781 |       0 |   0.0 |      34 |       0 |   0.0
        D:8 |    1117 |     582 |  34.3 |      20 |       8 |  28.6
     Lair:1 |    4216 |    1336 |  24.1 |      16 |       7 |  30.4
     Lair:2 |    7718 |     981 |  11.3 |      23 |      11 |  32.4
     Lair:3 |    2986 |    4070 |  57.7 |      12 |       3 |  20.0
     Lair:4 |    4262 |    1733 |  28.9 |      14 |       4 |  22.2
     Lair:5 |    6107 |    2461 |  28.7 |      25 |      12 |  32.4
     Lair:6 |    3037 |    4752 |  61.0 |      12 |      24 |  66.7
      IceCv |       0 |    1850 | 100.0 |       0 |       8 | 100.0
            +---------+---------+-------+---------+---------+-------

Levels and vault maps discovered:
D:1:      minmay_arrival_doors, layout_rooms, minmay_domino_2
D:2:      layout_rooms, tso_altar, lemuel_coloured_pillars_altar,
          chequers_ecumenical_altar_grove, kennysheep_potato
D:3:      layout_basic, kennysheep_slug_shrine,
          gammafunk_temple_overflow_statue, st_stairs_14, minivault_27,
          minmay_fractal_squares_diagonal_5
D:4:      kennysheep_big_flooded_room, layout_basic, led_sif_book,
          lemuel_crystal_altar, minmay_increasing_density, uniq_natasha,
          uniq_pikel, uniq_duvessa
D:5:      layout_gridville, basic_altar, first_ration, uniq_eustachio,
          uniq_edmund, uniq_sigmund
D:6:      layout_loops_corners, marbit_many_paths, minmay_starry_boxes
D:7:      layout_basic, grunt_gozag_statues, minmay_temple_entry_arrows,
          tgw_kikubaaqudgha
D:8:      layout_loops_ring, nicolae_overflow_hidden_temple,
          erik_lair_orcish_takeover, serial_shops, nicolae_shop_crystal
Lair:1:   layout_chaotic_city, grunt_megastairs_4, infiniplex_staircase_pool,
          lemuel_fruit_tree, minmay_lair_oklob_chamber
Lair:2:   layout_loops_ring, minmay_snake_entry_six_corridors
Lair:3:   layout_small_grid, lightli_volcano_entry_magma_tube,
          infiniplex_staircase_pool_2, grunt_megastairs_2, uniq_urug,
          uniq_rupert
Lair:4:   layout_cave_pods, palyth_hydra_swamp_entry, lemuel_fruit_fields
Lair:5:   layout_gridlike, portal_ice_cave_entry_ice_beasts, st_stairs_6,
          serial_bayou_lagoon_a, grunt_megastairs_1
Lair:6:   evil_forest, layout_regular_city, nicolae_slime_entry_slimehenge

Table legend:
 A = Turns spent in this place as a percentage of turns spent in the entire game.
 B = Non-inter-level travel turns spent in this place as a percentage of non-inter-level travel turns spent in the entire game.
 C = Inter-level travel turns spent in this place as a percentage of turns spent in this place.
 D = Turns resting spent in this place as a percentage of non-inter-level travel turns spent in this place.
 E = Turns spent auto-exploring this place as a percentage of non-inter-level travel turns spent in this place.
 F = Non-inter-level travel turns spent in this place divided by the number of levels of this place that you've seen.
                   A       B       C       D       E      F
               +-------+-------+-------+-------+-------+----------------------
         Total | 100.0 | 100.0 |   2.2 |  32.9 |  42.7 | 1267.1
       Dungeon |  47.1 |  46.7 |   3.1 |  23.0 |  49.8 | 1108.4
          Lair |  51.0 |  51.4 |   1.4 |  41.0 |  37.8 | 1628.2
      Ice Cave |   1.9 |   1.9 |   0.0 |  54.1 |   0.0 | 370.0
               +-------+-------+-------+-------+-------+----------------------

Table legend:
 A = Kills in this place as a percentage of kills in entire the game.
 B = Kills by you in this place as a percentage of kills by you in the entire game.
 C = Kills by friends in this place as a percentage of kills by friends in the entire game.
 D = Other kills in this place as a percentage of other kills in the entire game.
 E = Experience gained in this place as a percentage of experience gained in the entire game.
 F = Experience gained in this place divided by the number of levels of this place that you have seen.
                   A       B       C       D       E      F
               +-------+-------+-------+-------+-------+----------------------
         Total | 100.0 | 100.0 | 100.0 | 100.0 | 100.0 | 3535.3
       Dungeon |  55.7 |  62.3 |   0.0 |   0.0 |  14.2 | 940.0
          Lair |  42.2 |  35.4 | 100.0 | 100.0 |  82.3 | 7276.5
      Ice Cave |   2.1 |   2.3 |   0.0 |   0.0 |   3.5 | 1850.0
               +-------+-------+-------+-------+-------+----------------------
